 Dungeon Crawl Stone Soup version 0.30-a0-715-gdb4ae3ece1 (webtiles) character file.

Game seed: 5356221881544941070

86 wormed the Basher (level 4, -2/28 HPs)
             Began as a Gnoll Wanderer on Jan 24, 2023.
             Killed from afar by an orc wizard (11 damage)
             ... with a puff of flame
             ... on level 3 of the Dungeon.
             The game lasted 00:02:42 (1390 turns).

wormed the Basher (Gnoll Wanderer)                  Turns: 1390, Time: 00:02:42

Health: -2/28      AC:  4    Str: 11    XL:     4   Next: 49%
Magic:  9/9        EV: 12    Int: 12    God:
Gold:   116        SH:  4    Dex: 13    Spells: 5/9 levels left

rFire   . . .      SeeInvis .    m - +1 whip (holy)
rCold   . . .      Faith    .    l - +0 buckler
rNeg    . . .      Spirit   .    e - +0 robe
rPois   .          Reflect  .    (helmet restricted)
rElec   .          Harm     .    h - +0 cloak
rCorr   .          Rampage  .    n - +0 pair of gloves
Will    .....                    (no boots)
Stlth   ++                       (no amulet)
HPRegen 0.24/turn                (no ring)
MPRegen 0.11/turn                (no ring)

@: no status effects
A: fangs 1, strong nose, distributed training, antennae 1, frail 1, high MP 1,
subdued magic 1
a: no special abilities


You were on level 3 of the Dungeon.
You visited 1 branch of the dungeon, and saw 3 of its levels.

You collected 116 gold pieces.

Inventory:

Hand Weapons
 a - a +2 mace
 m - a +1 whip of holy wrath (weapon)
Missiles
 b - 11 poisoned darts (quivered)
Armour
 e - a +0 robe (worn)
 h - a +0 cloak (worn)
 l - a +0 buckler (worn)
 n - a +0 pair of gloves (worn)
Scrolls
 f - 4 scrolls of identify
 g - 2 scrolls of noise
 i - a scroll of enchant armour
 j - 4 scrolls of teleportation {unknown}
 k - a scroll of poison
Potions
 c - 2 potions of cancellation {unknown}
 d - a potion of curing {unknown}


   Skills:
 + Level 1.2 Fighting
 + Level 1.2 Short Blades
 + Level 1.2 Long Blades
 + Level 1.2 Axes
 + Level 8.6 Maces & Flails
 + Level 1.2 Polearms
 + Level 1.2 Staves
 + Level 1.2 Ranged Weapons
 + Level 2.8 Throwing
 + Level 2.8 Armour
 + Level 2.8 Dodging
 + Level 2.6 Stealth
 + Level 1.2 Shields
 + Level 1.2 Unarmed Combat
 + Level 3.0 Spellcasting
 + Level 1.0 Conjurations
 + Level 1.0 Hexes
 + Level 2.2 Summonings
 + Level 1.0 Necromancy
 + Level 1.0 Translocations
 + Level 1.0 Transmutations
 + Level 1.0 Fire Magic
 + Level 1.0 Ice Magic
 + Level 1.0 Air Magic
 + Level 1.0 Earth Magic
 + Level 1.0 Poison Magic
 + Level 1.3 Invocations
 + Level 1.2 Evocations


You had 5 spell levels left.
You knew the following spells:

 Your Spells              Type           Power      Damage    Failure   Level
a - Summon Small Mammal   Summ           20%        N/A       11%         1
b - Call Canine Familiar  Summ           5%         N/A       32%         3

Your spell library contained the following spells:

 Spells                   Type           Power      Damage    Failure   Level


Dungeon Overview and Level Annotations

Branches:
Dungeon (3/15)

Altars:

Annotations:
D:3 3 runed translucent doors, Darius099's ghost, amateur GrFi


Innate Abilities, Weirdness & Mutations

You have very sharp teeth.
Your uncanny sense of smell can sniff out nearby items.
Your experience applies equally to all skills.
You have a pair of small antennae on your head.
You are frail. (-10% HP)
You have an increased reservoir of magic. (+10% MP)
Your spells are a little easier to cast, but a little less powerful.


Message History

You are too injured to fight recklessly!
You are too injured to fight recklessly!
You are too injured to fight recklessly!
You are too injured to fight recklessly!
You are too injured to fight recklessly!
You are too injured to fight recklessly!
You are too injured to fight recklessly!
You are too injured to fight recklessly!
You are too injured to fight recklessly!
You are too injured to fight recklessly!
You are too injured to fight recklessly!
You are too injured to fight recklessly!
You are too injured to fight recklessly!
You are too injured to fight recklessly!
You are too injured to fight recklessly!
You are too injured to fight recklessly!
You are too injured to fight recklessly!
You are too injured to fight recklessly!
You are too injured to fight recklessly!
You are too injured to fight recklessly!
The orc barely misses you. The orc attacks as you move away!
The orc hits you but does no damage.
The orc wizard gestures wildly while chanting.
The orc wizard flickers and vanishes!
Deactivating autopickup; reactivate with Ctrl-A.
You whack the orc!
You kill the orc!
You completely miss the orc. You hit the orc but do no damage.
You barely miss something. You hit something. You miss something.
Your bite misses something. Something hits you.
You barely miss something. Something hits you.
You barely miss something. You completely miss something. Something hits you.
You closely miss something.
You hear some strange, mumbled words.
A puff of flame appears from out of thin air!
The puff of flame hits you!
You die...

### # #.# .#### #
#.# .. ...# #.#.#
###.# #..# #.#.###
....# #..#
#.....##..#####).#
###†......<.....o#
........(.##.###{#
#.###..#..##.###@#
...............#>#
#.##.....###.#...#
..##.....###.#..##
####.........#..#
# #..#..#####..#
## #>.#..# #..# .#
#..#..#####..# .#
#..#.........#


You could see an orc.

Vanquished Creatures
  3 adders (D:2)
  2 worms (D:2)
  2 dart slugs (D:2)
  2 orcs (D:3)
  5 ball pythons
  3 endoplasms (D:1)
  A giant cockroach (D:2)
  4 goblins
  3 hobgoblins
  4 jackals (D:2)
  4 kobolds
  7 bats
  3 frilled lizards
  4 rats (D:1)
47 creatures vanquished.

Notes
Turn   | Place    | Note
-------+----------+-------------------------------------------
     0 | D:1      | wormed the Gnoll Wanderer began the quest for the Orb.
     0 | D:1      | wormed set off with the following items: a +2 mace, 11
                  | poisoned darts, a +0 dagger, a scroll of blinking, a +0
                  | robe; and the following spell memorised: Summon Small
                  | Mammal; and the following spells available to memorise:
                  | Call Canine Familiar.
     0 | D:1      | Reached XP level 1. HP: 13/13 MP: 4/4
   106 | D:1      | Reached XP level 2. HP: 19/19 MP: 5/5
   357 | D:1      | You fall into a shaft and drop 1 floor!
   399 | D:2      | Reached XP level 3. HP: 25/25 MP: 7/7
   490 | D:2      | Reached skill level 1 in Invocations
   642 | D:2      | Reached skill level 1 in Fighting
   642 | D:2      | Reached skill level 1 in Short Blades
   642 | D:2      | Reached skill level 1 in Long Blades
   642 | D:2      | Reached skill level 1 in Axes
   642 | D:2      | Reached skill level 1 in Polearms
   642 | D:2      | Reached skill level 1 in Staves
   642 | D:2      | Reached skill level 1 in Ranged Weapons
   642 | D:2      | Reached skill level 1 in Shields
   642 | D:2      | Reached skill level 1 in Unarmed Combat
   642 | D:2      | Reached skill level 1 in Evocations
   678 | D:2      | Gained mutation: You are frail. (-10% HP) [potion of
                  | mutation]
   678 | D:2      | Gained mutation: You have an increased reservoir of magic.
                  | (+10% MP) [potion of mutation]
   678 | D:2      | Gained mutation: Your spells are a little easier to cast,
                  | but a little less powerful. [potion of mutation]
   678 | D:2      | Gained mutation: You have a pair of small antennae on your
                  | head. [potion of mutation]
   907 | D:2      | Reached XP level 4. HP: 8/28 MP: 9/9
  1218 | D:2      | Reached skill level 1 in Conjurations
  1218 | D:2      | Reached skill level 1 in Hexes
  1218 | D:2      | Reached skill level 1 in Necromancy
  1218 | D:2      | Reached skill level 1 in Translocations
  1218 | D:2      | Reached skill level 1 in Transmutations
  1218 | D:2      | Reached skill level 1 in Fire Magic
  1218 | D:2      | Reached skill level 1 in Ice Magic
  1218 | D:2      | Reached skill level 1 in Air Magic
  1218 | D:2      | Reached skill level 1 in Earth Magic
  1218 | D:2      | Reached skill level 1 in Poison Magic
  1302 | D:2      | Learned a level 3 spell: Call Canine Familiar
  1303 | D:3      | Noticed a centaur
  1312 | D:3      | Noticed Darius099's ghost (amateur GrFi)
  1313 | D:3      | Found a runed translucent gate.
  1327 | D:3      | Found a runed translucent gate.
  1327 | D:3      | Found a runed translucent gate.
  1390 | D:3      | Killed from afar by an orc wizard

Illustrated notes

Levels and vault maps discovered:
D:1:      kennysheep_arrival_seaside, layout_basic, st_stairs_10,
          minmay_heptomino_h4
D:2:      layout_loops_ring, minmay_misc_feat_columns
D:3:      minmay_octagon_keep, layout_loops_ring, gammafunk_ghost_split,
          grunt_decor_fettered, uniq_grinder

Skill      XL: |  1  2  3  4 |
---------------+-------------+-----
Summonings     | 2 |  2.2
Invocations    | 1 |  1.3
Fighting       | 1 |  1.2
Short Blades   | 1 |  1.2
Long Blades    | 1 |  1.2
Axes           | 1 |  1.2
Polearms       | 1 |  1.2
Staves         | 1 |  1.2
Ranged Weapons | 1 |  1.2
Shields        | 1 |  1.2
Unarmed Combat | 1 |  1.2
Evocations     | 1 |  1.2
Spellcasting   | 3 |  3.0
Conjurations   | 1 |  1.0
Hexes          | 1 |  1.0
Necromancy     | 1 |  1.0
Translocations | 1 |  1.0
Transmutations | 1 |  1.0
Fire Magic     | 1 |  1.0
Ice Magic      | 1 |  1.0
Air Magic      | 1 |  1.0
Earth Magic    | 1 |  1.0
Poison Magic   | 1 |  1.0
Maces & Flails | |  8.6
Throwing       | |  2.8
Armour         | |  2.8
Dodging        | |  2.8
Stealth        | |  2.6

Action                     |  1- 3 |  4- 6 || total
---------------------------+-------+-------++-------
  Melee: Mace              |    88 |     7 ||    95
         Bite              |    10 |     3 ||    13
         Punch             |     1 |       ||     1
         Unarmed           |     6 |       ||     6
         Whip              |       |    19 ||    19
   Cast: Summon Small Mamm |       |     1 ||     1
    Use: Scroll            |     4 |       ||     4
         Potion            |     4 |       ||     4
   Stab: Sleeping          |     5 |     2 ||     7
 Armour: Robe              |    21 |     2 ||    23
         Skin              |     6 |       ||     6
  Dodge: Dodged            |    58 |    12 ||    70
  Block: Buckler           |       |     1 ||     1

Table legend: (Time is in decaauts)
 A = Elapsed time spent in this place.
 B = Non-inter-level travel time spent in this place.
 C = Inter-level travel time spent in this place.
 D = Time resting spent in this place.
 E = Time spent auto-exploring this place.
 F = Levels seen in this place.
 G = Mean time per level.
                   A        B        C        D        E       F      G
               +--------+--------+--------+--------+--------+-----+--------+
         Total |   1379 |   1327 |     52 |      0 |    987 |   3 |  459.7 |
       Dungeon |   1379 |   1327 |     52 |      0 |    987 |   3 |  459.7 |
               +--------+--------+--------+--------+--------+-----+--------+

Top non-repeatable levels by time:
     D:2: 942 daAuts
     D:1: 355 daAuts
     D:3: 81 daAuts
